 Dungeon Crawl Stone Soup version 0.22-a0-348-gd16d1391c7 (webtiles) character file.

324 Deemzul the Ruffian (level 6, -7/53 HPs)
             Began as a Ghoul Fighter on Apr 8, 2018.
             Was an Initiate of Qazlal.
             Mangled by an ogre
             ... wielding a +0 giant club
              (11 damage)
             ... on level 5 of the Dungeon.
             The game lasted 00:06:05 (2194 turns).

Deemzul the Ruffian (Ghoul Fighter)                 Turns: 2194, Time: 00:06:06

Health: -7/53      AC:  7    Str: 20    XL:     6   Next: 48%
Magic:  5/5        EV:  7    Int:  3    God:    Qazlal [......]
Gold:   179        SH:  9    Dex: 10    Spells: 5/5 levels left

rFire    . . .     SeeInvis .     - Unarmed
rCold    + . .     Gourm    +   b - +0 shield
rNeg     + + +     Faith    .   a - +0 scale mail
rPois    ∞         Spirit   .   (no helmet)
rElec    .         Reflect  .   (no cloak)
rCorr    .         Harm     .   (no gloves)
MR       .....                  (no boots)
Stlth    ..........             q - amulet of the gourmand (curse)
HPRegen  0.00/turn              e - ring of flight
MPRegen  0.09/turn              (no ring)

@: rotting
A: rotting body, claws 1, carnivore, cold resistance 1, negative energy
resistance 3, inhibited regeneration, torment resistance, unbreathing
a: Renounce Religion, Evoke Flight


You were on level 5 of the Dungeon.
You worshipped Qazlal.
Qazlal was noncommittal.
You were not hungry.

You visited 1 branch of the dungeon, and saw 6 of its levels.

You collected 179 gold pieces.

Inventory:

Armour
 a - a +0 scale mail (worn)
 b - a +0 shield (worn)
 l - a +0 shield
Jewellery
 e - a ring of flight (left claw)
 q - a cursed amulet of the gourmand (around neck)
Scrolls
 f - 5 scrolls of identify {unknown}
 g - a scroll of immolation {unknown}
 h - a scroll of magic mapping {unknown}
 j - 2 scrolls of fog {unknown}
 k - a scroll of amnesia {unknown}
 m - a scroll of noise {unknown}
 r - 2 scrolls of remove curse {unknown}
 s - 4 scrolls of teleportation {unknown}
Potions
 c - a potion of might
 o - a potion of agility {unknown}
 p - a potion of haste {unknown}
Comestibles
 d - 8 rations


   Skills:
 + Level 4.4 Fighting
 + Level 3.7 Armour
 + Level 3.7 Shields
 * Level 4.9 Unarmed Combat


You had 5 spell levels left.
You didn't know any spells.

Dungeon Overview and Level Annotations

Branches:
Dungeon (6/15)             Temple (0/1) D:5

Altars:
Ashenzari
Dithmenos
Gozag
Makhleb
Qazlal
Wu Jian
Yredelemnul
Zin

Shops:
D:4 *   D:5 [

Annotations:
D:3 Purgy
D:5 Edmund


Innate Abilities, Weirdness & Mutations

Your body is rotting away.
You thrive on raw meat.
You are immune to poison.
You have sharp fingernails.
You are carnivorous and can eat meat at any time.
Your flesh is cold resistant. (rC+)
You are immune to negative energy. (rN+++)
You do not regenerate when monsters are visible.
You are immune to unholy pain and torment.
You can survive without breathing.


Message History

An ogre is nearby!
An ogre is nearby!
Eat one of 2 chunks of flesh? (ye/n/q)
You eat one of the 2 chunks of flesh.
This raw flesh tastes great!
Eat a chunk of flesh? (ye/n/q)
You eat the chunk of flesh.
This raw flesh tastes great!
You scratch the ogre.
The ogre is lightly wounded.
The ogre hits you with a giant club!!
Ouch! That really hurt!
You claw the ogre!
The ogre is moderately wounded.
You scratch the ogre.
The ogre is heavily wounded.
The ogre hits you with a giant club!
* * * LOW HITPOINT WARNING * * *
Your shield prevents you from hitting the ogre.
The ogre is heavily wounded.
The ogre hits you with a giant club!
You die...

##.###...###...
#....#.⌠.#...##
#....#...#...#
#............#
#..........###
###.########
######.#
#......#
#@###### #O#
#.# #.# #.. #..
#.. #...


You could see an ogre.

Vanquished Creatures
  An ogre (D:5)
  A scorpion (D:5)
  A bullfrog zombie (D:5)
  A jelly (D:2)
  2 adders (D:5)
  4 oozes (D:2)
  3 worms (D:2)
  A dart slug (D:5)
  2 leopard geckos
  6 orcs
  A giant cockroach (D:2)
  8 goblins
  12 hobgoblins
  2 jackals (D:1)
  13 kobolds
  3 quokkas (D:2)
  2 ball pythons (D:1)
  5 bats
  5 frilled lizards
  10 rats
83 creatures vanquished.

Vanquished Creatures (others)
  3 fungi (D:2)
  11 toadstools (D:2)
14 creatures vanquished.

Grand Total: 97 creatures vanquished

Notes
Turn   | Place    | Note
-------+----------+-------------------------------------------
     0 | D:1      | Deemzul the Ghoul Fighter began the quest for the Orb.
     0 | D:1      | Reached XP level 1. HP: 19/19 MP: 0/0
   102 | D:1      | Reached XP level 2. HP: 26/26 MP: 1/1
   526 | D:1      | Reached XP level 3. HP: 23/31 MP: 2/2
   954 | D:2      | Found a burning altar of Makhleb.
  1031 | D:2      | Reached XP level 4. HP: 40/40 MP: 3/3
  1165 | D:3      | Noticed Purgy
  1287 | D:2      | Found an ornate altar of the Wu Jian Council.
  1405 | D:2      | Reached XP level 5. HP: 32/44 MP: 4/4
  1518 | D:3      | Found a glowing silver altar of Zin.
  1523 | D:3      | Found a shadowy altar of Dithmenos.
  1523 | D:3      | Found a basalt altar of Yredelemnul.
  1524 | D:3      | Found a stormy altar of Qazlal.
  1535 | D:3      | Became a worshipper of Qazlal Stormbringer
  1814 | D:4      | Found an opulent altar of Gozag.
  1818 | D:4      | Found Gozag's Platinum Reserve.
  1853 | D:4      | Noticed an ogre
  1911 | D:5      | Entered Level 5 of the Dungeon
  1932 | D:5      | Found a shattered altar of Ashenzari.
  1947 | D:5      | Found Wucriph's Armour Shop.
  2068 | D:5      | Noticed Edmund
  2084 | D:6      | Noticed a phantom
  2106 | D:5      | Found a staircase to the Ecumenical Temple.
  2135 | D:5      | Reached XP level 6. HP: 31/52 MP: 5/5
  2194 | D:5      | Mangled by an ogre

Vault maps used:
D:1:      dpeg_arrival_arbitrary_b
D:2:      cheibrodos_fertilizer, lightli_temple_of_fire, lemuel_round_altar,
          hex_medium
D:3:      chequers_temple_overflow_statue_of_worship, uniq_purgy
D:4:      first_ration, nicolae_gozag_zags_fifth_avenue
D:5:      vehumet_altar_wand_db, elyvilon_altar_4,
          minmay_temple_entry_junction_2, serial_shops, shop,
          minmay_fountain_box, solitary_fountain, ashenzari_altar_1, uniq_edmund

Skill      XL: |  1  2  3  4  5 |
---------------+----------------+-----
Unarmed Combat | 3 4 |  4.9
Shields        | 3 |  3.7
Armour         | 3 |  3.7
Fighting       | 4 |  4.4

Action                   |  1- 3 |  4- 6 || total
-------------------------+-------+-------++-------
Melee: Unarmed           |   169 |   174 ||   343
  Use: Potion            |       |     2 ||     2
  Eat: Chunk             |    20 |    18 ||    38
Armor: Scale mail        |    68 |    62 ||   130
Dodge: Dodged            |    34 |    41 ||    75
Block: Shield            |    86 |    70 ||   156

Table legend:
 A = Spawn XP
 B = Non-spawn XP
 C = Spawn XP percentage of total XP
 D = Spawn monster count
 E = Non-spawn monster count
 F = Spawn count percentage of total count
 G = Total turns spent on level
                    A         B        C        D         E        F      G
               +---------+---------+-------+---------+---------+-------+---------
         Total |       0 |     463 |   0.0 |       0 |      83 |   0.0 |  2194
               +---------+---------+-------+---------+---------+-------+---------
           D:1 |       0 |      45 |   0.0 |       0 |      29 |   0.0 |   676
           D:2 |       0 |     122 |   0.0 |       0 |      34 |   0.0 |   738
           D:3 |       0 |      14 |   0.0 |       0 |       8 |   0.0 |   347
           D:4 |       0 |       3 |   0.0 |       0 |       1 |   0.0 |   150
           D:5 |       0 |     279 |   0.0 |       0 |      11 |   0.0 |   263
               +---------+---------+-------+---------+---------+-------+---------
